 Dungeon Crawl Stone Soup version 0.24.0-13-gcf9b3192b9 (webtiles) character file.

Game seed: 8199601861065069799, levelgen mode: deterministic

227 EmberCloud the Charmwright (level 6, -7/50 HPs)
             Began as a Gnoll Skald on Nov 9, 2019.
             Mangled by Blork the orc
             ... wielding a +0 short sword
              (11 damage)
             ... on level 4 of the Dungeon.
             The game lasted 00:18:39 (2077 turns).

EmberCloud the Charmwright (Gnoll Skald)            Turns: 2077, Time: 00:18:43

Health: -7/50      AC:  5    Str: 15    XL:     6   Next: 2%
Magic:  10/13      EV: 14    Int: 15    God:
Gold:   132        SH:  3    Dex: 15    Spells: 11/15 levels left

rFire    . . .     SeeInvis .   a - +0 falchion
rCold    . . .     Gourm    .   A - -1 buckler (curse)
rNeg     . . .     Faith    .   b - +0 leather armour
rPois    .         Spirit   .   (no helmet)
rElec    .         Reflect  .   j - +0 cloak
rCorr    .         Harm     .   o - +0 pair of gloves (curse)
MR       .....                  (no boots)
Stlth    +++.......             (no amulet)
HPRegen  1.16/turn              m - ring of stealth
MPRegen  0.13/turn              (no ring)

@: very slightly contaminated, regenerating
A: distributed training, fangs 1, strong nose
a: no special abilities


You were on level 4 of the Dungeon.
You were not hungry.

You visited 1 branch of the dungeon, and saw 4 of its levels.

You collected 132 gold pieces.

Inventory:

Hand Weapons
 a - a +0 falchion (weapon)
Missiles
 s - 3 boomerangs (quivered)
 u - 19 arrows
 w - 10 bolts
Armour
 b - a +0 leather armour (worn)
 j - a +0 cloak (worn)
 o - a cursed +0 pair of gloves (worn)
 A - a cursed -1 buckler (worn)
Jewellery
 m - a ring of stealth (left hand)
Wands
 t - a wand of paralysis (14)
Scrolls
 c - 2 scrolls of amnesia {unknown}
 e - a scroll of enchant armour {unknown}
 g - a scroll of magic mapping {unknown}
 h - a scroll of teleportation {unknown}
 p - a scroll of identify
 r - a scroll of remove curse {unknown}
 y - a scroll of enchant weapon {unknown}
Potions
 f - a potion of ambrosia {unknown}
 i - 3 potions of cancellation
 k - a potion of flight {unknown}
 l - a potion of curing {unknown}
 n - a potion of berserk rage {unknown}
 q - a potion of agility {unknown}
 v - a potion of haste {unknown}
 z - a potion of might
Comestibles
 d - 7 rations


   Skills:
 + Level 4.9 Fighting
 + Level 1.7 Short Blades
 + Level 4.9 Long Blades
 + Level 1.7 Axes
 + Level 1.7 Maces & Flails
 + Level 1.7 Polearms
 + Level 1.7 Staves
 + Level 1.7 Slings
 + Level 1.7 Bows
 + Level 1.7 Crossbows
 + Level 1.7 Throwing
 + Level 3.1 Armour
 + Level 4.9 Dodging
 + Level 1.7 Stealth
 + Level 1.7 Shields
 + Level 1.7 Unarmed Combat
 + Level 5.2 Spellcasting
 + Level 1.3 Conjurations
 + Level 1.3 Hexes
 + Level 5.6 Charms
 + Level 1.3 Summonings
 + Level 1.3 Necromancy
 + Level 1.3 Translocations
 + Level 1.3 Transmutations
 + Level 1.3 Fire Magic
 + Level 1.3 Ice Magic
 + Level 1.3 Air Magic
 + Level 1.3 Earth Magic
 + Level 1.3 Poison Magic
 + Level 1.9 Invocations
 + Level 1.7 Evocations


You had 11 spell levels left.
You knew the following spells:

 Your Spells              Type           Power        Failure   Level  Hunger
a - Infusion              Chrm           ###.         2%          1    None
b - Regeneration          Chrm/Necr      ##........   19%         3    ###....

Your spell library contained the following spells:

 Spells                   Type           Power        Failure   Level  Hunger
 Song of Slaying          Chrm           ###.....     4%          2    ##.....
 Shroud of Golubria       Chrm/Tloc      ##....       10%         2    ##.....
 Spectral Weapon          Hex/Chrm       ##......     19%         3    ###....


Dungeon Overview and Level Annotations

Branches:
Dungeon (4/15)
 Temple: D:4-7

Altars:
Qazlal
Sif Muna
Trog

Annotations:
D:4 Blork the orc


Innate Abilities, Weirdness & Mutations

Your experience applies equally to all skills.
You have very sharp teeth.
Your uncanny sense of smell can sniff out nearby items.


Message History

Blork the orc closely misses you. You block Blork the orc's attack.
You closely miss Blork the orc.
Blork the orc is severely wounded.
Blork the orc hits you with a +0 short sword!
Blork the orc hits you with a +0 short sword.
Casting: Infusion (safe; 2% risk of failure)
Confirm with . or Enter, or press ? or * to list all spells.
Your skin crawls.
Blork the orc mumbles some strange words.
Blork the orc flickers and vanishes!
Deactivating autopickup; reactivate with Ctrl-A.
Something hits you!
* * * LOW HITPOINT WARNING * * *
You closely miss something.
You hear some strange, mumbled words.
A puff of flame appears from out of thin air!
The puff of flame hits you!
* * * LOW HITPOINT WARNING * * *
Something hits you!
You die...

##. ∆ .. ...####..### .
.. #...#.#....# .. ##.##
#.........###
...##...###......#....#
........##.......#...#
.........##..........##
.......{###......#....#
....$...@#.......#..#
..##........#.......##
#.........###.....#
#..##.....###.....####
....#..............#..#
....###................#
..... #.....)....####.##
....# #.........## #..#
#.........# #..#


There were no monsters in sight!

Vanquished Creatures
  Terence (D:2)
  3 orc wizards (D:3)
  2 adders (D:3)
  2 oozes
  3 worms (D:2)
  2 dart slugs
  4 leopard geckos
  13 orcs (D:3)
  4 bats
  7 giant cockroaches
  A goblin (D:3)
  5 hobgoblins
  8 jackals (D:3)
  A quokka (D:4)
  A frilled lizard (D:1)
  7 kobolds
  9 rats
73 creatures vanquished.

Notes
Turn   | Place    | Note
-------+----------+-------------------------------------------
     0 | D:1      | EmberCloud the Gnoll Skald began the quest for the Orb.
     0 | D:1      | Reached XP level 1. HP: 20/20 MP: 6/6
    73 | D:1      | Reached XP level 2. HP: 23/26 MP: 7/7
   383 | D:1      | Reached XP level 3. HP: 30/31 MP: 9/9
   478 | D:2      | Learned a level 3 spell: Regeneration
   488 | D:2      | Reached skill level 5 in Spellcasting
   498 | D:2      | Found a shimmering blue altar of Sif Muna.
   627 | D:2      | Reached skill level 1 in Invocations
   796 | D:2      | Noticed Terence
   817 | D:2      | Killed Terence
   817 | D:2      | Reached skill level 1 in Short Blades
   817 | D:2      | Reached skill level 1 in Axes
   817 | D:2      | Reached skill level 1 in Maces & Flails
   817 | D:2      | Reached skill level 1 in Polearms
   817 | D:2      | Reached skill level 1 in Staves
   817 | D:2      | Reached skill level 1 in Slings
   817 | D:2      | Reached skill level 1 in Bows
   817 | D:2      | Reached skill level 1 in Crossbows
   817 | D:2      | Reached skill level 1 in Throwing
   817 | D:2      | Reached skill level 1 in Stealth
   817 | D:2      | Reached skill level 1 in Shields
   817 | D:2      | Reached skill level 1 in Unarmed Combat
   817 | D:2      | Reached skill level 1 in Evocations
   817 | D:2      | Reached XP level 4. HP: 21/38 MP: 11/11
   982 | D:2      | You fall into a shaft and drop 2 floors!
   984 | D:4      | Found a stormy altar of Qazlal.
  1214 | D:3      | Reached skill level 1 in Conjurations
  1214 | D:3      | Reached skill level 1 in Hexes
  1214 | D:3      | Reached skill level 1 in Summonings
  1214 | D:3      | Reached skill level 1 in Necromancy
  1214 | D:3      | Reached skill level 1 in Translocations
  1214 | D:3      | Reached skill level 1 in Transmutations
  1214 | D:3      | Reached skill level 1 in Fire Magic
  1214 | D:3      | Reached skill level 1 in Ice Magic
  1214 | D:3      | Reached skill level 1 in Air Magic
  1214 | D:3      | Reached skill level 1 in Earth Magic
  1214 | D:3      | Reached skill level 1 in Poison Magic
  1214 | D:3      | Reached XP level 5. HP: 43/43 MP: 7/12
  1491 | D:3      | Found a bloodstained altar of Trog.
  1756 | D:3      | Reached XP level 6. HP: 50/50 MP: 13/13
  2057 | D:4      | Noticed Blork the orc
  2077 | D:4      | Mangled by Blork the orc

Levels and vault maps discovered:
D:1:      lemuel_arrival_rhombus, layout_rooms
D:2:      layout_basic, nicolae_overflow_crystal_walls, first_ration,
          uniq_terence
D:3:      layout_loops_cross, lemuel_round_altar, minmay_misc_feat_enclosed
D:4:      layout_cave_pools, nicolae_qazlal_general_emergency,
          uniq_blork_the_orc, uniq_pikel

Skill      XL: |  1  2  3  4  5 |
---------------+----------------+-----
Spellcasting   | 5 |  5.2
Invocations    | 1 |  1.9
Short Blades   | 1 |  1.7
Axes           | 1 |  1.7
Maces & Flails | 1 |  1.7
Polearms       | 1 |  1.7
Staves         | 1 |  1.7
Slings         | 1 |  1.7
Bows           | 1 |  1.7
Crossbows      | 1 |  1.7
Throwing       | 1 |  1.7
Stealth        | 1 |  1.7
Shields        | 1 |  1.7
Unarmed Combat | 1 |  1.7
Evocations     | 1 |  1.7
Conjurations   | 1 |  1.3
Hexes          | 1 |  1.3
Summonings     | 1 |  1.3
Necromancy     | 1 |  1.3
Translocations | 1 |  1.3
Transmutations | 1 |  1.3
Fire Magic     | 1 |  1.3
Ice Magic      | 1 |  1.3
Air Magic      | 1 |  1.3
Earth Magic    | 1 |  1.3
Poison Magic   | 1 |  1.3
Armour         | 3 |  3.1
Fighting       | |  4.9
Long Blades    | |  4.9
Dodging        | |  4.9
Charms         | |  5.6

Action                   |  1- 3 |  4- 6 || total
-------------------------+-------+-------++-------
Melee: Falchion          |    92 |   145 ||   237
       Bite              |    15 |    15 ||    30
Throw: Boomerang         |       |     4 ||     4
 Cast: Infusion          |     1 |     6 ||     7
       Regeneration      |       |     2 ||     2
  Use: Scroll            |       |     1 ||     1
 Stab: Sleeping          |     1 |     4 ||     5
  Eat: Chunk             |       |     4 ||     4
Armor: Leather armour    |    17 |    32 ||    49
Dodge: Dodged            |    63 |    83 ||   146
Block: Buckler           |       |     3 ||     3
       Rpst.: Falchion   |    17 |    17 ||    34
